 Dungeon Crawl Stone Soup version 0.26.1-11-gd32895ea62 (webtiles) character file.

Game seed: 5565116949204547619

168 Tocho the Bolt Thrower (level 5, -14/30 HPs)
             Began as a Kobold Arcane Marksman on May 28, 2021.
             Demolished by a gnoll
             ... wielding a +0 halberd
              (16 damage)
             ... on level 3 of the Dungeon.
             The game lasted 00:05:34 (3043 turns).

Tocho the Bolt Thrower (Kobold Arcane Marksman)     Turns: 3043, Time: 00:05:34

Health: -14/30     AC:  4    Str:  7    XL:     5   Next: 78%
Magic:  6/7        EV: 15    Int: 15    God:
Gold:   46         SH:  0    Dex: 16    Spells: 4/7 levels left

rFire    . . .     SeeInvis .   a - +0 hand crossbow
rCold    . . .     Faith    .   (shield restricted)
rNeg     . . .     Spirit   .   f - +0 leather armour
rPois    .         Reflect  .   (no helmet)
rElec    .         Harm     .   (no cloak)
rCorr    .         Rampage  .   j - +0 pair of gloves
Will     .....                  (no boots)
Stlth    ++........             (no amulet)
HPRegen  0.10/turn              (no ring)
MPRegen  0.10/turn              (no ring)

@: no status effects
A: small, nightstalker 3
a: no special abilities


You were on level 3 of the Dungeon.
You visited 1 branch of the dungeon, and saw 3 of its levels.

You collected 46 gold pieces.

Inventory:

Hand Weapons
 a - a +0 hand crossbow (weapon)
 b - a +0 hunting sling
 c - a +0 whip
Missiles
 d - 20 bolts (quivered ammo)
 s - 11 sling bullets
Armour
 e - a +0 robe
 f - a +0 leather armour (worn)
 g - a +0 robe
 j - a +0 pair of gloves (worn)
Jewellery
 h - an uncursed ring of fire
 u - an uncursed ring of protection from fire
Scrolls
 i - 3 scrolls of enchant weapon {unknown}
 k - a scroll of noise {unknown}
 n - 3 scrolls of remove curse {unknown}
 p - a scroll of random uselessness {unknown}
 q - 2 scrolls of teleportation {unknown}
 r - a scroll of blinking {unknown}
 t - a scroll of fog {unknown}
Potions
 l - 2 potions of might {unknown}
 m - a potion of curing {unknown}
 o - 2 potions of brilliance {unknown}


   Skills:
 + Level 2.1 Fighting
 * Level 4.7 Crossbows
 - Level 0.6 Armour
 + Level 2.8 Dodging
 + Level 0.4 Stealth
 + Level 1.6 Spellcasting
 + Level 3.9 Hexes


You had 4 spell levels left.
You knew the following spells:

 Your Spells              Type           Power        Failure   Level
a - Corona                Hex            13%          7%          1
b - Slow                  Hex            12%          11%         2

Your spell library contained the following spells:

 Spells                   Type           Power        Failure   Level
 Inner Flame              Hex/Fire       7%           41%         3
 Portal Projectile        Hex/Tloc       14%          41%         3
 Cause Fear               Hex            6%           56%         4
 Leda's Liquefaction      Hex/Erth       3%           83%         4


Dungeon Overview and Level Annotations

Branches:
Dungeon (3/15)

Altars:


Innate Abilities, Weirdness & Mutations

You are small and have problems with some larger weapons.
You are completely attuned to the shadows.


Message History

Aim: a gnoll, wielding a +0 spear (moderately wounded, softly glowing, 85% to hit)
You shoot a bolt.
The bolt hits the gnoll but does no damage.
The gnoll is moderately wounded.
You hear a splash.
The gnoll hits you from afar with a +0 halberd.
The gnoll completely misses you.
Fire: 21 bolts
Press: ? - help, Q - select action, (/) - cycle Shift-Dir - straight line, f/p - gnoll
Aim: a gnoll, wielding a +0 spear (moderately wounded, softly glowing, 85% to hit)
You shoot a bolt. The bolt hits the gnoll.
The gnoll is heavily wounded.
You hear a splash.
The gnoll hits you from afar with a +0 halberd!
* * * LOW HITPOINT WARNING * * *
The gnoll hits you from afar with a +0 spear.
* * * LOW HITPOINT WARNING * * *
The gnoll hits you from afar with a +0 halberd!
Ouch! That really hurt!
You die...

#.#
##...##
#. #.#
##+##
#. #.#
#. #.#
#.#
####
#.#
#P≈≈≈#
#.#


#P≈PPP #.###P≈PPP #..@(g(≈≈♣ ####.g≈≈≈≈ ####..P .. ( You could see 2 gnolls.

Vanquished Creatures
  Jessica (D:2)
  Natasha (thrice) (D:2)
  An adder (D:2)
  3 gnolls
  2 bats (D:1)
  2 goblins (D:1)
  10 hobgoblins
  4 jackals (D:2)
  2 kobolds (D:1)
  A frilled lizard (D:1)
  4 rats (D:1)
33 creatures vanquished.

Vanquished Creatures (others)
  3 plants (D:3)
3 creatures vanquished.

Grand Total: 36 creatures vanquished

Notes
Turn   | Place    | Note
-------+----------+-------------------------------------------
     0 | D:1      | Tocho the Kobold Arcane Marksman began the quest for the
                  | Orb.
     0 | D:1      | Reached XP level 1. HP: 12/12 MP: 2/2
     2 | D:1      | Noticed a dwarf
     4 | D:1      | Noticed a human
     4 | D:1      | Noticed a draconian
     6 | D:1      | Noticed a tengu
     6 | D:1      | Noticed a ghoul
     8 | D:1      | Noticed a halfling
     8 | D:1      | Noticed a demigod
    10 | D:1      | Noticed a formicid
    10 | D:1      | Noticed a naga
    12 | D:1      | Noticed an elf
    14 | D:1      | Noticed an ogre
    14 | D:1      | Noticed a centaur
    16 | D:1      | Noticed a vampire
    16 | D:1      | Noticed a vine stalker
    18 | D:1      | Noticed a merfolk
    18 | D:1      | Noticed a demonspawn
    20 | D:1      | Noticed a minotaur
    22 | D:1      | Noticed a gargoyle
    22 | D:1      | Noticed a felid
    24 | D:1      | Noticed an octopode
    24 | D:1      | Noticed a troll
    26 | D:1      | Noticed a spriggan
    44 | D:1      | Reached XP level 2. HP: 10/16 MP: 3/3
   386 | D:1      | Reached XP level 3. HP: 20/20 MP: 4/4
  1206 | D:2      | Reached skill level 3 in Crossbows
  1352 | D:2      | Noticed Jessica
  1356 | D:2      | Killed Jessica
  1357 | D:2      | Reached XP level 4. HP: 26/26 MP: 3/5
  1373 | D:2      | Learned a level 2 spell: Slow
  1756 | D:2      | Noticed Natasha
  1762 | D:2      | Killed Natasha
  1884 | D:2      | Reached XP level 5. HP: 26/30 MP: 5/7
  2188 | D:2      | Noticed Natasha
  2196 | D:2      | Killed Natasha
  2197 | D:2      | Reached skill level 4 in Crossbows
  2588 | D:2      | Noticed Natasha
  2595 | D:2      | Killed Natasha
  3043 | D:3      | Demolished by a gnoll

Illustrated notes

Levels and vault maps discovered:
D:1:      kb_arrival_jail, layout_basic
D:2:      layout_basic, serial_rivers, chequers_serial_rivers_micro_a,
          chequers_serial_rivers_small_3, chequers_serial_rivers_room_b,
          chequers_serial_rivers_micro_b, uniq_jessica, uniq_natasha
D:3:      layout_loops_corners, minmay_overflow_temple_hex, serial_bayou,
          serial_bayou_shore_b, serial_bayou_ford_a, serial_bayou_lagoon_a,
          serial_bayou_shore_b

Skill      XL: |  1  2  3  4  5 |
---------------+----------------+-----
Crossbows      | 3 4 |  4.7
Fighting       | 2 |  2.1
Armour         | |  0.6
Dodging        | |  2.8
Stealth        | |  0.4
Spellcasting   | |  1.6
Hexes          | |  3.9

Action                   |  1- 3 |  4- 6 || total
-------------------------+-------+-------++-------
 Fire: Hand crossbow     |    46 |    51 ||    97
 Cast: Corona            |     9 |    10 ||    19
  Use: Scroll            |       |     2 ||     2
Armor: Robe              |     1 |       ||     1
       Leather armour    |       |     6 ||     6
Dodge: Dodged            |    20 |    26 ||    46
